 Dungeon Crawl Stone Soup version 0.25-a0-310-g60f0ac2d9a (webtiles) character file.

Game seed: 12520642984994676696, levelgen mode: deterministic

2256 Holzbalken the Basher (level 9, -13/51 HPs)
             Began as a Gargoyle Fighter on Dec 23, 2019.
             Engulfed by a cloud of flame (19 damage)
             ... on level 7 of the Dungeon.
             The game lasted 00:18:35 (5040 turns).

Holzbalken the Basher (Gargoyle Fighter)            Turns: 5040, Time: 00:18:35

Health: -13/51     AC: 21    Str: 24    XL:     9   Next: 37%
Magic:  9/9        EV:  7    Int: 10    God:
Gold:   339        SH: 10    Dex: 17    Spells: 8/8 levels left

rFire    . . .     SeeInvis .   s - +2 morningstar (drain)
rCold    . . .     Gourm    .   c - +0 shield
rNeg     + . .     Faith    .   b - +0 scale mail
rPois    ∞         Spirit   .   k - +0 helmet
rElec    +         Reflect  .   x - +2 cloak
rCorr    .         Harm     .   z - +0 pair of gloves
MR       ++...                  r - +0 pair of boots
Stlth    ..........             (no amulet)
HPRegen  0.17/turn              i - +2 ring of protection
MPRegen  0.11/turn              n - ring of Compassion {MR++ Int+2 Dex+8}

@: no status effects
A: negative energy resistance 1, electricity resistance, unbreathing,
petrification resistance, rot immunity, AC +6
a: no special abilities


You were on level 7 of the Dungeon.
You were hungry.

You visited 1 branch of the dungeon, and saw 7 of its levels.

You collected 339 gold pieces.

Inventory:

Hand Weapons
 a - a +1 flail
 q - a +2 whip of flaming
   (You took it off Pikel on level 6 of the Dungeon)
 s - a +2 morningstar of draining (weapon)
   (You found it on level 6 of the Dungeon)
Missiles
 y - a throwing net (quivered) {!f}
Armour
 b - a +0 scale mail (worn)
 c - a +0 shield (worn)
 k - a +0 helmet (worn)
   (You found it on level 1 of the Dungeon)
 r - a +0 pair of boots (worn)
   (You found it on level 2 of the Dungeon)
 x - a +2 cloak (worn)
   (You took it off Crazy Yiuf on level 2 of the Dungeon)
 z - a +0 pair of gloves (worn)
   (You found it on level 5 of the Dungeon)
Jewellery
 i - a +2 ring of protection (left hand)
   (You found it on level 1 of the Dungeon)
 n - the ring of Compassion (right hand) {MR++ Int+2 Dex+8}
   (You found it on level 5 of the Dungeon)

   [ring of intelligence]

   It affects your intelligence (+2).
   It affects your dexterity (+8).
   It affects your resistance to hostile enchantments.
Wands
 t - a wand of flame (7)
   (You took it off Ijyb on level 3 of the Dungeon)
Scrolls
 g - 2 scrolls of fog
 h - 2 scrolls of teleportation {@r4}
 p - a scroll of enchant weapon
 u - 3 scrolls of identify {@r1}
 w - 3 scrolls of remove curse {@r2}
Potions
 d - 2 potions of might
 f - 4 potions of curing {@q1}
 j - 2 potions of resistance
 l - a potion of mutation {!q}
 m - 2 potions of flight {unknown}
 v - 3 potions of lignification {!q}
Comestibles
 e - 8 rations {!d}


   Skills:
 - Level 3.2 Fighting
 + Level 12.1 Maces & Flails
 - Level 3.2 Armour
 - Level 3.2 Shields


You had 8 spell levels left.
You didn't know any spells.
Your spell library contained the following spells:

 Spells                   Type           Power        Failure   Level  Hunger
 Freeze                   Ice            #...         99%         1    ##.....
 Summon Small Mammal      Summ           #...         99%         1    ##.....
 Call Imp                 Summ           #.......     99%         2    ###....
 Call Canine Familiar     Summ           #.......     100%        3    ####...
 Ozocubu's Armour         Chrm/Ice       #.......     100%        3    ####...
 Summon Guardian Golem    Hex/Summ       #.......     100%        3    ####...
 Hailstorm                Conj/Ice       #.......     100%        4    #####..
 Summon Ice Beast         Ice/Summ       #.......     100%        4    #####..
 Summon Lightning Spire   Summ/Air       #.......     100%        4    #####..


Dungeon Overview and Level Annotations

Branches:
Dungeon (7/15)
 Temple: D:4-7

Altars:
Fedhas
Xom
Zin


Innate Abilities, Weirdness & Mutations

You are resistant to torment.
Your stone body is resilient. (AC +6)
You are immune to poison.
You resist negative energy. (rN+)
You are resistant to electric shocks. (rElec)
You can survive without breathing.
You are immune to petrification.
You are immune to rotting.


Message History

Found a stone staircase leading down.
You start waiting.
Blork the orc is too close now for your liking.
Blork the orc hits you but does no damage.
You hit Blork the orc. You burn Blork the orc. You closely miss Blork the orc.
Blork the orc hits you with a +0 battleaxe.
You hit Blork the orc. You burn Blork the orc. You whack Blork the orc!
You burn Blork the orc.
Blork the orc points at you and mumbles some strange words.
The puff of flame hits you but does no damage.
You whack Blork the orc! You burn Blork the orc.
You closely miss Blork the orc.
Blork the orc casts a cantrip, but nothing happens.
You whack Blork the orc! You burn Blork the orc.
You kill Blork the orc!
Your Maces & Flails skill increases to level 12!
Things that are here:
a +0 battleaxe; a +0 robe
Found a ring mail.
Found a runed morningstar.
Found a golden potion.
You see here a runed morningstar.
s - a runed morningstar
Okay, then.
Your +2 whip of flaming stops flaming.
You sense an unholy aura.
s - a +2 morningstar of draining (weapon)
You are feeling hungry.
m - 2 golden potions (gained 1) Done exploring.
Done exploring.
There is a stone staircase leading down here.
You climb downwards.
A hound comes into view.
The hound barks!
You hear a shout!
Found 18 stones.
Found a stone staircase leading up.
There is a stone staircase leading up here.
As you read the scroll labeled GACSEPSIVAO, it crumbles to dust.
The creatures around you are filled with an inner flame!
It was a scroll of immolation.
You thump the hound!
Flame seeps out of the hound.
The hound is engulfed in blazing flames.
Flame seeps out of the hound.
The hound bites you but does no damage.
You puncture the hound!
The hound explodes!
The fiery explosion engulfs you!!!
Ouch! That really hurt!
* * * LOW HITPOINT WARNING * * *
You are engulfed in blazing flames.
You die...

##########
.........#
.........#
#.<.#+#...
#§@§......
#§○§.....#
#§§§.....#
#........#
#.......≈≈
#.......≈.
#...#<#.≈≈
#...#.#..#


There were no monsters in sight!

Vanquished Creatures
  Pikel (D:6)
  Sigmund (D:2)
  A water moccasin (D:6)
  2 ice beasts
  A sky beast (D:6)
  An ogre (D:6)
  3 phantoms
  Blork the orc (D:6)
  2 scorpions (D:4)
  4 wights (D:6)
  A crimson imp (D:6)
  A quasit (D:6)
  An orc priest (D:3)
  A hound (D:7)
  Crazy Yiuf (D:2)
  A centaur skeleton (D:6)
  A bullfrog skeleton (D:4)
  Ijyb (D:3)
  2 orc wizards
  2 worker ants
  A hound skeleton (D:5)
  A worker ant zombie (D:5)
  6 gnolls
  A howler monkey skeleton (D:5)
  6 adders
  An ooze (D:1)
  3 worms
  2 dart slugs
  2 leopard geckos
  6 orcs
  9 bats
  8 giant cockroaches
  8 goblins
  6 hobgoblins
  4 jackals
  5 kobolds
  3 quokkas
  2 ball pythons (D:3)
  A ball python skeleton (D:4)
  2 frilled lizards
  A giant cockroach zombie (D:6)
  10 rats
117 creatures vanquished.

Vanquished Creatures (others)
  A slave (D:6)
  A worker ant (D:6)
2 creatures vanquished.

Grand Total: 119 creatures vanquished

Notes
Turn   | Place    | Note
-------+----------+-------------------------------------------
     0 | D:1      | Holzbalken the Gargoyle Fighter began the quest for the
                  | Orb.
     0 | D:1      | Reached XP level 1. HP: 14/14 MP: 1/1
    74 | D:1      | Reached XP level 2. HP: 17/19 MP: 2/2
   122 | D:1      | Reached skill level 3 in Maces & Flails
   308 | D:1      | Reached XP level 3. HP: 17/23 MP: 3/3
   661 | D:2      | Noticed Sigmund
   974 | D:2      | Reached skill level 4 in Maces & Flails
  1014 | D:2      | Killed Sigmund
  1014 | D:2      | Reached skill level 5 in Maces & Flails
  1014 | D:2      | Reached XP level 4. HP: 28/28 MP: 4/4
  1014 | D:2      | Reached XP level 5. HP: 32/32 MP: 5/5
  1123 | D:2      | Reached skill level 6 in Maces & Flails
  1253 | D:2      | Reached XP level 6. HP: 37/37 MP: 6/6
  1275 | D:2      | Found a runed translucent door.
  1276 | D:2      | Noticed Crazy Yiuf
  1286 | D:2      | Killed Crazy Yiuf
  1482 | D:2      | Found a glowing silver altar of Zin.
  2369 | D:3      | Reached skill level 7 in Maces & Flails
  2453 | D:3      | Noticed Ijyb
  2484 | D:3      | Killed Ijyb
  2962 | D:4      | Found a shimmering altar of Xom.
  3058 | D:4      | Reached XP level 7. HP: 40/41 MP: 7/7
  3251 | D:4      | Reached skill level 8 in Maces & Flails
  3509 | D:5      | Entered Level 5 of the Dungeon
  3612 | D:5      | Got a crude marble ring
  3835 | D:5      | Reached skill level 9 in Maces & Flails
  3835 | D:5      | Reached XP level 8. HP: 46/46 MP: 8/8
  3982 | D:5      | Found a blossoming altar of Fedhas.
  4247 | D:6      | Noticed Pikel
  4266 | D:6      | Killed Pikel
  4266 | D:6      | Reached skill level 10 in Maces & Flails
  4383 | D:6      | Reached skill level 11 in Maces & Flails
  4388 | D:6      | Identified the ring of Compassion {MR++ Int+2 Dex+8} (You
                  | found it on level 5 of the Dungeon)
  4477 | D:6      | Reached XP level 9. HP: 51/51 MP: 9/9
  4840 | D:6      | Noticed Blork the orc
  4853 | D:6      | Killed Blork the orc
  4853 | D:6      | Reached skill level 12 in Maces & Flails
  5040 | D:7      | Engulfed by a cloud of flame

Levels and vault maps discovered:
D:1:      sevenhm_arrival_forest_fort_small_6, layout_loops_ring
D:2:      layout_loops_ring, nicolae_overflow_hidden_temple,
          uniq_crazy_yiuf_cottage, uniq_sigmund
D:3:      layout_basic, first_ration, uniq_ijyb
D:4:      minmay_door_path, layout_rooms, lemuel_crystal_altar
D:5:      layout_basic, fedhas_altar_3
D:6:      layout_loops_ring, uniq_pikel, uniq_blork_the_orc
D:7:      layout_basic, minmay_temple_entry_crystal_x,
          chequers_serial_rivers_micro_d, the_bakery

Skill      XL: |  1  2  3  4  5  6  7  8  9 |
---------------+----------------------------+-----
Maces & Flails | 3 5 6 7 9 11 12 | 12.1
Fighting       | |  3.2
Armour         | |  3.2
Shields        | |  3.2

Action                   |  1- 3 |  4- 6 |  7- 9 || total
-------------------------+-------+-------+-------++-------
Melee: Flail             |   140 |   201 |   179 ||   520
       Whip              |       |       |   119 ||   119
       Morningstar       |       |       |     2 ||     2
  Use: Scroll            |       |    12 |     3 ||    15
 Stab: Distracted        |       |       |     1 ||     1
  Eat: Chunk             |     1 |     3 |     6 ||    10
       Ration            |       |     1 |       ||     1
Armor: Scale mail        |   104 |   112 |   147 ||   363
Dodge: Dodged            |    60 |    39 |    68 ||   167
Block: Shield            |    94 |    80 |   126 ||   300

Table legend:
 A = Non-vault XP
 B = Vault XP
 C = Vault XP percentage of total XP
 D = Non-vault monster count
 E = Vault monster count
 F = Vault count percentage of total count
                 A         B        C        D         E       F
            +---------+---------+-------+---------+---------+-------
      Total |    2120 |    1104 |  34.2 |     110 |       7 |   6.0
            +---------+---------+-------+---------+---------+-------
        D:1 |      64 |       0 |   0.0 |      26 |       0 |   0.0
        D:2 |      81 |     272 |  77.1 |      20 |       2 |   9.1
        D:3 |     150 |      36 |  19.4 |      22 |       1 |   4.3
        D:4 |     329 |      34 |   9.4 |       9 |       2 |  18.2
        D:5 |     521 |       0 |   0.0 |      16 |       0 |   0.0
        D:6 |     933 |     762 |  45.0 |      16 |       2 |  11.1
        D:7 |      42 |       0 |   0.0 |       1 |       0 |   0.0
            +---------+---------+-------+---------+---------+-------
